Map: Inside and Out

Players

sentiNeL - Winner!

  • Race: Protoss Protoss
  • League: Grandmaster
  • Spawn Location: 1:00

FluffyBunny

  • Race: Terran Terran
  • League: Master
  • Spawn Location: 7:00

VOD

Have the link to the VOD?

Description

Time

  • Played on: Dec. 9, 2022, 11:06 p.m.
  • Length: 7:34
Show
View Real Time Build Order
Export as new Build Order

sentiNeL Protoss - Winner!

Build Orders: 1 Gate Expand, Blink Stalkers 

Get SALT Encoding   

  12  0:00  Probe  
  13  0:12  Probe  
  14  0:17  Pylon  
  14  0:24  Probe (Chrono Boost)  
  16  0:37  Gateway, Probe (Chrono Boost)  
  16  0:43  Probe (Chrono Boost)  
  16  0:45  Assimilator  
  17  0:51  Probe  
  18  1:03  Probe  
  19  1:15  Probe  
  20  1:26  Cybernetics Core  
  20  1:34  Nexus  
  20  1:36  Probe  
  21  1:44  Pylon  
  21  1:50  Probe  
  21  1:56  Assimilator  
  21  2:00  Adept (Chrono Boost)  
  21  2:02  Probe  
  21  2:06  Warp Gate  
  24  2:14  Probe  
  25  2:19  Twilight Council  
  25  2:26  Probe (Chrono Boost)  
  26  2:30  Adept  
  29  2:38  Probe (Chrono Boost)  
  29  2:44  Probe (Chrono Boost)  
  29  2:45  Gateway  
  29  2:48  Probe (Chrono Boost)  
  33  2:58  Probe (Chrono Boost)  
  33  2:59  Probe (Chrono Boost)  
  33  3:02  Stalker  
  33  3:04  Probe (Chrono Boost)  
  36  3:07  Probe  
  37  3:18  Probe  
  37  3:19  Robotics Facility  
  38  3:22  Probe  
  37  3:30  Probe  
  38  3:35  Probe  
  36  3:42  Probe  
  36  3:47  Probe, Blink (Chrono Boost)  
  37  3:54  Probe  
  38  3:59  Nexus  
  38  4:01  Probe  
  39  4:05  Stalker  
  39  4:06  Observer  
  39  4:08  Stalker  
  45  4:10  Probe  
  45  4:15  Pylon  
  45  4:16  Probe  
  46  4:30  Pylon x2  
  46  4:33  Probe  
  46  4:35  Observer  
  46  4:36  Stalker x2  
  46  4:37  Probe  
  53  4:45  Probe  
  53  4:51  Gateway  
  54  4:52  Gateway  
  54  4:53  Gateway  
  54  4:54  Probe  
  54  4:58  Assimilator  
  55  5:01  Stalker  
  55  5:04  Stalker  
  59  5:08  Probe  
  59  5:11  Probe  
  59  5:12  Pylon  
  61  5:17  Probe  
  62  5:22  Probe  
  62  5:25  Immortal  
  62  5:28  Observer  
  67  5:30  Forge  
  67  5:31  Charge (Chrono Boost)  
  67  5:39  Probe  
  68  5:48  Probe  
  69  5:51  Sentry  
  69  5:52  Zealot x4  
  69  5:53  Probe x2  
  81  6:02  Pylon  
  81  6:03  Probe  
  81  6:04  Gateway x2  
  82  6:07  Probe, Shield Battery  
  82  6:08  Probe  
  84  6:16  Probe  
  85  6:24  Probe  
  86  6:25  Zealot  
  86  6:26  Zealot x2  
  92  6:34  Stalker x2  
  96  6:50  Zealot x2  
  100  6:56  Pylon  
  100  6:58  Pylon x2  
  100  7:01  Gateway  
  100  7:02  Pylon  
  100  7:03  Shield Battery  
  100  7:05  Pylon  
  100  7:10  Templar Archives  
  104  7:21  Stalker  
  104  7:22  Stalker  
  108  7:23  Zealot x5  
Show
View Real Time Build Order
Export as new Build Order

FluffyBunny Terran 

Build Orders: Command Center First (CC) 

Get SALT Encoding   

  12  0:00  SCV  
  13  0:12  SCV  
  14  0:16  Supply Depot  
  14  0:24  SCV  
  15  0:38  SCV  
  16  0:50  SCV  
  17  0:58  Command Center  
  17  1:02  SCV  
  18  1:14  SCV  
  18  1:16  Barracks  
  19  1:26  SCV  
  19  1:32  Barracks  
  20  1:38  SCV  
  21  1:46  Barracks  
  21  1:50  SCV  
  22  2:03  Orbital Command, Marine  
  23  2:13  Orbital Command  
  23  2:19  Marine  
  23  2:21  Marine  
  25  2:29  Refinery x2  
  24  2:34  Marine  
  24  2:36  Marine  
  26  2:39  Marine  
  26  2:40  SCV x2  
  29  2:50  Supply Depot  
  29  2:52  SCV x2  
  29  2:54  Marine  
  33  3:02  Marine  
  33  3:04  Barracks Tech Lab  
  33  3:07  SCV x2  
  33  3:12  Marine  
  36  3:13  Supply Depot  
  36  3:19  SCV  
  37  3:23  Marine x2  
  37  3:24  Stimpack  
  37  3:25  SCV  
  40  3:30  Marine  
  40  3:31  SCV  
  42  3:36  Supply Depot  
  40  3:42  Marine  
  40  3:43  SCV x2  
  40  3:44  Factory  
  40  3:45  Refinery  
  42  3:58  SCV x2  
  42  4:01  Barracks Reactor  
  41  4:07  Marauder  
  41  4:08  Barracks Reactor  
  43  4:10  SCV x2  
  45  4:19  Barracks  
  45  4:20  Barracks  
  45  4:22  SCV  
  45  4:23  SCV  
  47  4:28  Starport, Marauder  
  47  4:29  Factory Reactor  
  49  4:38  SCV x2  
  51  4:40  Supply Depot, Marine  
  51  4:42  Marine  
  53  4:49  Marauder, Marine x2  
  57  4:55  SCV x2  
  57  4:58  Marine  
  60  5:02  Supply Depot  
  59  5:07  Marine x2  
  59  5:10  Barracks Tech Lab x2  
  59  5:11  Medivac x2  
  59  5:13  Marine  
  59  5:14  Marauder  
  68  5:16  Marine  
  68  5:17  Supply Depot  
  68  5:19  Engineering Bay  
  69  5:23  Combat Shield  
  69  5:29  Refinery  
  69  5:33  Marauder x2  
  69  5:34  Concussive Shells  
  69  5:35  Marauder  
  75  5:39  Supply Depot  
  75  5:41  Supply Depot  
  75  5:42  Barracks Reactor  
  73  5:55  Marauder x2, Marine x2  
  73  5:56  Marauder  
  81  6:03  Medivac  
  83  6:12  Marine  
  83  6:13  Marine  
  83  6:16  Marauder x2  
  89  6:24  Medivac  
  88  6:27  Marauder  
  90  6:33  Medivac  
  90  6:35  Marine  
  90  6:36  Marine x3  
  90  6:37  Marauder  
  90  6:38  Marauder  
  83  6:48  Marine  
  83  6:53  Marine x3  
  83  6:54  Medivac, Marine  
  85  6:57  Supply Depot  
  85  6:58  Supply Depot  
  85  6:59  SCV x2, Marauder x2  
  93  7:06  Marauder  
  95  7:11  Marine  
Tags
 
Add a new tag
Caveats
  • Supply blocks, unpowered buildings, or Contaminate may cause inaccurate times.
  • Supply counts are checked every 10 seconds.